 Dungeon Crawl Stone Soup version 0.14-a0-519-g334afa2 (webtiles) character file.

300 MackTheKnife the Twirler (level 5, 0/32 HPs)
             Began as a Tengu Gladiator on Nov 1, 2013.
             Slain by Menkaure (9 damage)
             ... on Level 4 of the Dungeon.
             The game lasted 00:04:27 (2813 turns).

MackTheKnife the Twirler (Tengu Gladiator)          Turns: 2813, Time: 00:04:27

HP   0/32        AC  3     Str 16      XL: 5   Next: 70%
MP   6/6         EV 12     Int  8      God:
Gold 109         SH  0     Dex 15      Spells:  0 memorised,  4 levels left

Res.Fire  : . . .   See Invis. : .   a - +0 quarterstaff
Res.Cold  : . . .   Warding    : .   b - +0 leather armour
Life Prot.: . . .   Conserve   : .   (no shield)
Res.Poison: .       Res.Corr.  : .   c - +0 cap
Res.Elec. : .       Clarity    : .   (no cloak)
Sust.Abil.: . .     Spirit.Shd : .   (no gloves)
Res.Mut.  : .       Stasis     : .   (boots unavailable)
Res.Rott. : .       Flight     : .   (no amulet)
Saprovore : . . .                    (no ring)
                                     (no ring)

@: slightly resistant to hostile enchantments, unstealthy
A: able to fly, beak, talons 3
a: Fly


You were on level 4 of the Dungeon.
You were hungry.

You visited 1 branch of the dungeon, and saw 4 of its levels.

You collected 109 gold pieces.


Innate Abilities, Weirdness & Mutations

You can fly.
You have a beak for a mouth.
You have claws for feet.


   Skills:
 - Level 2.0 Fighting
 + Level 6.8 Staves
 - Level 2.1 Throwing
 - Level 3.2 Dodging


You had 4 spell levels left.
You didn't know any spells.

Inventory:

Hand weapons
 a - a +0,+0 quarterstaff (weapon)
Missiles
 d - 3 throwing nets (quivered)
Armour
 b - a +0 leather armour (worn)
 c - a +0 cap (worn)
Magical devices
 e - a wand of polymorph (9) {unknown}
Comestibles
 f - 2 bread rations
 n - a meat ration
 s - a pear
Scrolls
 l - a scroll of fear {unknown}
 m - a scroll of remove curse {unknown}
 r - a scroll of curse weapon {unknown}
Jewellery
 o - an uncursed ring of sustenance {unknown}
 v - an uncursed amulet of conservation {unknown}
Potions
 h - 2 potions of degeneration {unknown}
 j - 3 potions of brilliance {unknown}
 k - a potion of heal wounds {unknown}
 p - a potion of magic {unknown}
 q - 2 potions of curing
 t - a potion of speed {unknown}

▒········▒▒·'···········
▒···········▒··········(
▒(·······▒▒▒▒▒'▒▒▒▒▒▒▒▒▒
▒········▒ ▒·▒▒▒▒▒▒▒
▒▒▒▒▒▒·▒▒▒ ▒·······▒ ▒···▒
▒▒▒▒▒▒▒·▒ ▒▒▒▒▒▒▒▒▒▒▒'▒▒▒
▒▒▒▒▒▒▒'▒▒▒▒
▒·······)%····▒▒▒···········
▒··········HM·▒·+··········(
▒·············▒·▒···········
▒·········(···'·▒···········
▒·············▒▒▒···········
▒·············▒ ▒···········
▒▒▒▒▒▒▒▒▒▒▒▒▒▒ ▒··········)
▒·········<· ▒·········)·
▒▒▒▒▒▒▒▒▒▒▒▒


You could see Menkaure.


Message History

You open the door. You open the door.
Which direction?
You close the door.
There is an open door here.
You see here 23 stones.
Eat which item? (? for menu, Esc to quit)
Okay, then.
You see here an adder skeleton.
Menkaure hits you!
Ouch! That really hurt!
* * * LOW HITPOINT WARNING * * *
You hit Menkaure. You claw Menkaure, but do no damage. You peck Menkaure.
Menkaure is moderately damaged.
You closely miss Menkaure.
Menkaure is moderately damaged.
Menkaure barely misses you.
You barely miss Menkaure.
Menkaure is moderately damaged.
Menkaure misses you.
You hit Menkaure but do no damage. You claw Menkaure!
Menkaure is heavily damaged.
Menkaure hits you.
* * * LOW HITPOINT WARNING * * *
You hit Menkaure but do no damage.
Menkaure is heavily damaged.
You hit Menkaure but do no damage. You peck Menkaure.
Menkaure is severely damaged.
Menkaure hits you!
You die...

Action                   |  1- 3 |  4- 6 || total
-------------------------+-------+-------++-------
Melee: Quarterstaff      |    83 |    76 ||   159
 Abil: Fly               |       |     1 ||     1
  Use: Potion            |     1 |       ||     1
       Scroll            |       |     6 ||     6

Vault maps used:
D:1:      sevenhm_entry_forest_fort_small_6, minivault_23
D:3:      grunt_temple_overflow_open, fedhas_altar_1, first_bread,
          grunt_ministairs_11, uniq_jessica, uniq_terence
D:4:      general_overflow_altar, uniq_duvessa, uniq_grinder, uniq_menkaure

Notes
Turn   | Place    | Note
--------------------------------------------------------------
     0 | D:1      | MackTheKnife, the Tengu Gladiator, began the quest for the Orb.
     0 | D:1      | Reached XP level 1. HP: 13/13 MP: 0/0
   196 | D:1      | Reached XP level 2. HP: 12/18 MP: 2/2
   313 | D:1      | Reached skill level 4 in Staves
   705 | D:2      | Reached XP level 3. HP: 22/22 MP: 3/3
  1499 | D:3      | Reached skill level 5 in Staves
  1687 | D:3      | Reached XP level 4. HP: 8/28 MP: 4/4
  1916 | D:3      | Found a bloodstained altar of Trog.
  2039 | D:3      | Found an ancient bone altar of Kikubaaqudgha.
  2075 | D:3      | Noticed Jessica
  2097 | D:3      | Killed Jessica
  2097 | D:3      | Reached skill level 6 in Staves
  2097 | D:3      | Reached XP level 5. HP: 25/32 MP: 6/6
  2283 | D:3      | Found a blossoming altar of Fedhas.
  2370 | D:3      | Noticed Terence
  2375 | D:3      | Killed Terence
  2770 | D:4      | Noticed Menkaure
  2813 | D:4      | Slain by Menkaure

Vanquished Creatures
  2 orc wizards (D:3)
  A worker ant (D:3)
  Jessica (D:3)
  Terence (D:3)
  3 adders
  An ooze (D:2)
  7 orcs (D:3)
  13 hobgoblins
  A quokka (D:3)
  5 bats
  4 giant geckos
  2 giant newts
  8 goblins
  2 jackals (D:1)
  10 kobolds
  8 rats
69 creatures vanquished.
